 Dungeon Crawl Stone Soup version 0.28.0-43-g3370ac3207 (webtiles) character file.

Game seed: 4380366728891254702

8733 sking99 the Cleaver (level 11, -3/84 HPs)
             Began as a Demonspawn Wanderer on Mar 23, 2022.
             Was a Priest of Cheibriados.
             Slain by a sea snake (13 damage)
             ... on level 11 of the Dungeon.
             The game lasted 00:24:36 (14669 turns).

sking99 the Cleaver (Demonspawn Wanderer)          Turns: 14669, Time: 00:24:36

Health: -3/84      AC: 19    Str: 25    XL:     11   Next: 13%
Magic:  25/26      EV:  6    Int: 18    God:    Cheibriados [***...]
Gold:   480        SH: 11    Dex: 21    Spells: 5/10 levels left

rFire   . . .      SeeInvis .   p - +0 war axe
rCold   . . .      Faith    .   s - +0 kite shield
rNeg    . . .      Spirit   .   l - +0 chain mail
rPois   .          Reflect  .   (helmet unavailable)
rElec   .          Harm     .   (no cloak)
rCorr   .          Rampage  .   (no gloves)
Will    +....                   v - +0 pair of boots
Stlth   ..........              (no amulet)
HPRegen 0.24/turn               d - ring of magical power
MPRegen 0.20/turn               r - ring of willpower

@: sanguine armoured, very slow
A: horns 3, spiny 1, sanguine armour 2
a: Renounce Religion, Bend Time, Temporal Distortion


You were on level 11 of the Dungeon.
You worshipped Cheibriados.
Cheibriados was most pleased with you.
You visited 2 branches of the dungeon, and saw 12 of its levels.
You also visited: Sewer.

You collected 510 gold pieces.
You spent 30 gold pieces at shops.

Inventory:

Hand Weapons
 a - a +1 hand axe
 p - a +0 war axe (weapon)
Armour
 l - a +0 chain mail (worn)
 s - a +0 kite shield (worn)
 v - a +0 pair of boots (worn)
Jewellery
 d - a ring of magical power (left hand)
 i - a +6 ring of intelligence
 r - a ring of willpower (right hand)
Wands
 m - a wand of polymorph (12)
 t - a wand of acid (7)
 u - a wand of mindburst (1)
 w - a wand of iceblast (3)
Scrolls
 c - 2 scrolls of enchant armour
 f - a scroll of enchant weapon
 g - 2 scrolls of immolation
 k - 7 scrolls of teleportation
Potions
 b - a potion of ambrosia
 e - a potion of might
 h - 6 potions of flight
 j - a potion of attraction
 n - a potion of brilliance
 o - a potion of mutation {unknown}
 q - 4 potions of curing


   Skills:
 - Level 7.3 Fighting
 * Level 11.8 Axes
 - Level 1.0 Throwing
 - Level 4.5 Armour
 + Level 4.7 Shields
 + Level 3.2 Translocations
 - Level 8.0 Invocations
 - Level 2.5 Evocations


You had 5 spell levels left.
You knew the following spells:

 Your Spells              Type           Power      Damage    Failure   Level
a - Blink                 Tloc           22%        N/A       86%         2
b - Lesser Beckoning      Tloc           11%        N/A       97%         3

Your spell library contained the following spells:

 Spells                   Type           Power      Damage    Failure   Level
 Ignite Poison            Fire/Tmut/Pois 0%         N/A       100%        3
 Inner Flame              Hex/Fire       0%         N/A       100%        3
 Mephitic Cloud           Conj/Pois/Air  0%         N/A       100%        3
 Cause Fear               Hex            0%         N/A       100%        4
 Freezing Cloud           Conj/Ice/Air   0%         6-21      100%        5
 Manifold Assault         Tloc           11%        N/A       100%        5
 Discord                  Hex            0%         N/A       100%        8


Dungeon Overview and Level Annotations

Branches:
Dungeon (11/15)            Temple (1/1) D:7            Lair (0/6) D:8
  Sewer (visited)
    Orc: D:9-12

Altars:
Ashenzari
Cheibriados
Dithmenos
Elyvilon
Fedhas
Gozag
Hepliaklqana
Kikubaaqudgha
Makhleb
Nemelex Xobeh
Okawaru
Qazlal
Ru
Sif Muna
Trog
Uskayaw
Vehumet
Wu Jian
Xom
Yredelemnul
Zin
The Shining One

Shops:
D:2 ?   D:8 !

Annotations:
D:5 1 runed translucent door, hurston's ghost, novice GrFi
D:11 1 runed translucent door


Innate Abilities, Weirdness & Mutations

You have a pair of large horns on your head.
You are partially covered in sharp spines.
When seriously injured, your blood forms thick armour. (AC +9)


Message History

The sea snake is struck by your spines. The sea snake bites you!
You barely miss the sea snake. Your headbutt misses the sea snake.
The sea snake is moderately wounded.
The sea snake barely misses you. The flow of time bends around you.
Cheibriados rebukes the sea snake.
The sea snake seems to slow down.
The sea snake is struck by your spines. The sea snake bites you!
You slice the sea snake!! Your headbutt misses the sea snake.
The sea snake is severely wounded.
The sea snake bites you!
Your blood congeals into armour.
You closely miss the sea snake.
The sea snake is severely wounded.
The sea snake is struck by your spines. The sea snake bites you!
You are poisoned.
The sea snake poisons you!
You closely miss the sea snake. Your headbutt misses the sea snake.
The sea snake is almost dead.
You feel very sick. You block the sea snake's attack.
You closely miss the sea snake.
The sea snake is almost dead.
You feel very sick. The sea snake bites you!
* * * LOW HITPOINT WARNING * * *
You closely miss the sea snake.
The sea snake is almost dead.
* * * LOW HITPOINT WARNING * * *
You feel very sick.
You feel better.
The sea snake is no longer moving slowly.
You block the sea snake's attack.
You completely miss the sea snake.
The sea snake is severely wounded.
The sea snake is struck by your spines. The sea snake bites you!
* * * LOW HITPOINT WARNING * * *
You miss the sea snake. Your headbutt misses the sea snake.
The sea snake is almost dead.
The sea snake bites you!
You die...

.## ###### ... ##+#
.....# #.# .#.
.....#########.# .. #
........... ...# .# #.#
.....#########.##.##...#
....<####..............#
................@.......
...######.......S?##+###
...# #.........# .# ...#
#.......).# ...#
######.#..# .... #...##
.... ....# ... #..#.#
......


You could see a sea snake.

Vanquished Creatures
  Erica (D:8)
  2 two-headed ogres
  Nergalle (D:10)
  A komodo dragon (D:9)
  A shadow (D:10)
  6 yaks (D:10)
  A fire bat (D:4)
  2 steam dragons (D:6)
  2 water moccasins
  A hornet zombie (D:6)
  3 orc warriors
  2 black bears
  An ice beast (D:7)
  A sky beast (D:5)
  2 ogres
  2 centaurs
  A kobold brigand (D:7)
  5 bullfrogs
  A gnoll sergeant (D:9)
  3 scorpions
  2 wyvern zombies (D:7)
  13 killer bees
  3 wights (D:10)
  A crimson imp (D:3)
  5 centaur zombies
  An orc priest (D:9)
  A gnoll shaman (D:6)
  5 hounds
  2 centaur skeletons
  A merfolk siren (Sewer)
  5 orc wizards
  A merfolk avatar (Sewer)
  A hound skeleton (D:4)
  A howler monkey zombie (D:10)
  Robin (D:2)
  14 gnolls
  13 adders
  2 river rats (Sewer)
  A shadow imp (D:7)
  An ufetubus (D:5)
  An adder skeleton (D:2)
  A worm (D:4)
  4 dart slugs
  27 orcs
  6 ball pythons
  4 bats
  4 endoplasms
  16 giant cockroaches
  14 goblins
  8 hobgoblins
  6 jackals
  6 kobolds
  5 quokkas
  6 frilled lizards
  22 rats
243 creatures vanquished.

Vanquished Creatures (collateral kills)
  A ball python (D:4)
1 creature vanquished.

Vanquished Creatures (others)
  A wizard (D:4)
  A sky beast (D:6)
  An orc wizard (D:4)
  20 fungi (D:4)
23 creatures vanquished.

Grand Total: 267 creatures vanquished

Notes
Turn   | Place    | Note
-------+----------+-------------------------------------------
     0 | D:1      | sking99 the Demonspawn Wanderer began the quest for the
                  | Orb.
     0 | D:1      | sking99 set off with the following items: a +0 hand axe, a
                  | wand of iceblast (3), a +0 ring mail
     0 | D:1      | Reached XP level 1. HP: 15/15 MP: 1/1
    12 | D:1      | Noticed an electric eel
   379 | D:1      | Gained mutation: When seriously injured, your blood forms
                  | armour. (AC +9) [demonic ancestry]
   379 | D:1      | Reached XP level 2. HP: 15/21 MP: 2/2
  1348 | D:1      | Reached skill level 2 in Axes
  1507 | D:2      | Gained mutation: When seriously injured, your blood forms
                  | thick armour. (AC +9) [demonic ancestry]
  1507 | D:2      | Reached XP level 3. HP: 23/26 MP: 3/3
  1816 | D:2      | Found a shimmering blue altar of Sif Muna.
  1890 | D:2      | Found Maarghudgh's Magic Scroll Emporium.
  1936 | D:2      | Noticed Robin
  1938 | D:2      | Gained mutation: You have a pair of small horns on your
                  | head. [demonic ancestry]
  1938 | D:2      | Reached XP level 4. HP: 33/33 MP: 4/4
  2394 | D:2      | Killed Robin
  2395 | D:2      | Reached skill level 3 in Axes
  2906 | D:3      | Found a glowing drain.
  2935 | D:3      | Gained mutation: You are partially covered in sharp spines.
                  | [demonic ancestry]
  2935 | D:3      | Reached XP level 5. HP: 39/39 MP: 5/5
  2954 | Sewer    | Entered a sewer
  3229 | Sewer    | Reached skill level 4 in Axes
  3571 | D:3      | Reached XP level 6. HP: 36/47 MP: 6/6
  3790 | D:3      | Noticed Grinder
  3791 | D:3      | Noticed Grinder
  3791 | D:3      | Grinder changed into Grinder the crimson imp
  3806 | D:3      | Killed Grinder the crimson imp
  3883 | D:3      | Found a snail-covered altar of Cheibriados.
  4298 | D:4      | Reached skill level 5 in Axes
  4511 | D:4      | Reached XP level 7. HP: 52/54 MP: 7/7
  4533 | D:4      | Noticed a wyvern
  4539 | D:4      | a wyvern changed into an acid dragon
  4542 | D:4      | Noticed a fire bat
  4542 | D:4      | an acid dragon changed into a fire bat
  4545 | D:4      | Killed a fire bat
  4678 | D:4      | Found a shimmering blue altar of Sif Muna.
  4720 | D:4      | Reached skill level 6 in Axes
  5155 | D:4      | Found a bloodstained altar of Trog.
  5158 | D:4      | Noticed a wizard
  5164 | D:4      | Killed a wizard
  5237 | D:3      | Became a worshipper of Cheibriados the Contemplative
  5284 | D:5      | Entered Level 5 of the Dungeon
  5595 | D:5      | Found a burning altar of Makhleb.
  5597 | D:5      | Found a runed translucent door.
  5599 | D:5      | Noticed hurston's ghost (novice GrFi)
  5613 | D:5      | Identified the +4 mace of Watchfulness {flame, *Rage rC+
                  | rCorr Str+3}
  5684 | D:5      | Reached skill level 5 in Fighting
  5802 | D:5      | Found a sacrificial altar of Ru.
  5803 | D:5      | Found an iron altar of Okawaru.
  5803 | D:5      | Found a hide-covered altar of Uskayaw.
  5986 | D:5      | Reached XP level 8. HP: 62/62 MP: 8/8
  6290 | D:5      | Found a radiant altar of Vehumet.
  6605 | D:6      | Reached skill level 7 in Axes
  6693 | D:6      | Reached * piety under Cheibriados
  6697 | D:6      | Reached skill level 1 in Invocations
  7142 | D:6      | HP: 3/64 [steam dragon/ball of steam (5)]
  7424 | D:6      | Reached skill level 8 in Axes
  7577 | D:6      | Found a broken altar of Ashenzari.
  8274 | D:7      | Gained mutation: You have a pair of horns on your head.
                  | [demonic ancestry]
  8274 | D:7      | Reached XP level 9. HP: 41/71 MP: 12/12
  8766 | D:7      | Found a staircase to the Ecumenical Temple.
  9020 | Temple   | Entered the Ecumenical Temple
  9151 | D:7      | Reached skill level 5 in Invocations
  9182 | D:7      | Reached ** piety under Cheibriados
  9262 | D:7      | Found a basalt altar of Yredelemnul.
  9378 | D:7      | Reached skill level 9 in Axes
  9653 | D:8      | Noticed Erica
  9777 | D:8      | Killed Erica
  9966 | D:8      | Found a staircase to the Lair.
  9992 | D:8      | Found Sim Iset's Distillery.
 10038 | D:8      | Noticed a two-headed ogre
 10048 | D:8      | Killed a two-headed ogre
 10049 | D:8      | Reached skill level 10 in Axes
 10049 | D:8      | Reached skill level 1 in Shields
 10222 | D:8      | Gained mutation: You have a pair of large horns on your
                  | head. [demonic ancestry]
 10222 | D:8      | Reached XP level 10. HP: 55/79 MP: 15/15
 10646 | D:8      | Bought a potion of curing for 30 gold pieces
 11907 | D:9      | Noticed a two-headed ogre
 11917 | D:9      | Killed a two-headed ogre
 11917 | D:9      | Reached *** piety under Cheibriados
 12312 | D:9      | Learned a level 2 spell: Blink
 12316 | D:9      | Learned a level 3 spell: Lesser Beckoning
 12646 | D:10     | Entered Level 10 of the Dungeon
 12663 | D:10     | Noticed Nergalle
 13050 | D:9      | Reached skill level 1 in Translocations
 13320 | D:10     | Reached skill level 11 in Axes
 13704 | D:10     | Killed Nergalle
 13705 | D:10     | Reached XP level 11. HP: 17/84 MP: 17/17
 14016 | D:10     | Noticed Sonja
 14018 | D:10     | Noticed Sonja
 14018 | D:10     | Sonja changed into Sonja the human
 14028 | D:10     | Noticed Sonja
 14028 | D:10     | Sonja the human changed into Sonja the black bear
 14030 | D:10     | Killed Sonja the black bear
 14651 | D:11     | Found a runed translucent door.
 14654 | D:11     | Noticed a two-headed ogre
 14657 | D:11     | Noticed a sea snake
 14657 | D:11     | a two-headed ogre changed into a sea snake
 14669 | D:11     | Slain by a sea snake

Illustrated notes

Levels and vault maps discovered:
D:1:      arrival_aquarium_a, layout_loops_corners, grunt_decor_arrowhead
D:2:      layout_rooms, serial_shops, nicolae_square_shop, basic_altar,
          minmay_worlds_worst_comb, uniq_robin
D:3:      layout_loops_ring, lemuel_tele_altar, gup_sewer_entry_glass,
          uniq_grinder
D:4:      layout_cave_pools, mainiacjoe_overflow_chevrons, trog_wizard,
          minmay_box_of_dots
D:5:      layout_rooms, lemuel_round_altar, fiery_altar_vehumet, minitemple,
          ebering_ghost_reflecting_pool, wad_floor_pattern_untrapped
D:6:      layout_layer_cave, cheibrodos_ashenzari_chains,
          minmay_misc_feat_secret_circle
D:7:      layout_basic, marbit_many_paths, minmay_temple_entry_stoned_glass,
          minmay_between
D:8:      layout_loops_corners, lair_entry_dummy, enter_bailey_2, serial_shops,
          shop_statue, hangedman_abyss_or_decor_passed, hangedman_decor_growths,
          uniq_erica
D:9:      layout_gridville
D:10:     layout_cross, uniq_sonja, uniq_nergalle
D:11:     layout_rooms, ebering_ghost_reflecting_pool, grunt_potential
Temple:   nicolae_temple_x_marks_the_god

Skill      XL: |  1  2  3  4  5  6  7  8  9 10 11 |
---------------+----------------------------------+-----
Axes           | 2 3 4 5 6 8 10 11 | 11.8
Fighting       | 2 3 4 5 6 7 |  7.3
Invocations    | 4 7 8 |  8.0
Shields        | 1 4 |  4.7
Translocations | 2 3 |  3.2
Throwing       | |  1.0
Armour         | |  4.5
Evocations     | |  2.5

Action                   |  1- 3 |  4- 6 |  7- 9 | 10-12 || total
-------------------------+-------+-------+-------+-------++-------
Melee: Hand axe          |   145 |   183 |       |       ||   328
       Punch             |     2 |     3 |     1 |       ||     6
       Headbutt          |       |    28 |    55 |    39 ||   122
       War axe           |       |     5 |   200 |   152 ||   357
Invok: Bend Time         |       |       |     3 |     2 ||     5
       Temporal Distorti |       |       |       |     1 ||     1
Evoke: Wand              |       |     4 |     2 |     9 ||    15
  Use: Scroll            |       |     8 |     8 |     1 ||    17
       Potion            |       |       |     4 |     3 ||     7
 Stab: Invisible         |       |       |     2 |       ||     2
Armor: Ring mail         |    57 |   116 |   106 |       ||   279
       Chain mail        |       |       |       |    87 ||    87
Dodge: Dodged            |    77 |    95 |   125 |    48 ||   345
Block: Kite shield       |       |       |     2 |   124 ||   126
